 Dungeon Crawl Stone Soup version 0.30.0 (webtiles) character file.

Game seed: 3890594849792123071

183818 Eeriemist the Severer (level 17, -2/158 HPs)
             Began as a Minotaur Fighter on May 16, 2023.
             Was an Elder of Okawaru.
             Slain by a salamander
             ... wielding a +0 trident
              (6 damage)
             ... on level 4 of the Snake Pit on May 21, 2023.
             The game lasted 01:38:26 (30072 turns).

Eeriemist the Severer (Minotaur Fighter)           Turns: 30072, Time: 01:38:28

Health: -2/158     AC: 25    Str: 31    XL:     17   Next: 75%
Magic:  23/23      EV: 15    Int:  7    God:    Okawaru [****..]
Gold:   2592       SH:  0    Dex: 14    Spells: 15/16 levels left

rFire   + . .        a - +3 broad axe (drain)
rCold   + . .        O - +0 tower shield
rNeg    + . .        U - +7 ring mail "Kaalaf Huwa" {rElec rN+ Dex+3}
rPois   +            F - +2 hat "Deuh" {Str+5}
rElec   +            V - scarf {repulsion}
rCorr   +            B - +2 pair of gloves {infuse}
SInv    .            R - +1 pair of boots
Will    +++..        c - amulet of reflection
Stlth   +            w - ring of willpower
HPRegen 0.46/turn    k - ring of willpower
MPRegen 0.18/turn

%: repel missiles, reflection, infuse magic (1 MP)
@: confused, resistant, heroic, ambrosia-drunk, invisible
A: horns 2, retaliatory headbutt, hooves 1
a: Renounce Religion, Heroism, Finesse


You were on level 4 of the Snake Pit.
You worshipped Okawaru.
Okawaru was greatly pleased with you.
You visited 5 branches of the dungeon, and saw 27 of its levels.
You also visited: Ossuary and Ice Cave.

You collected 2835 gold pieces.
You spent 243 gold pieces at shops.

Inventory:

Hand Weapons
 a - a +3 broad axe of draining (weapon)
 v - the +9 battleaxe of Okawaru, Wizarding {heavy, rC+ Str+4}
   (Okawaru gifted it to you on level 11 of the Dungeon)

   Str:       It affects your strength (+4).
   rC:        It protects you from cold.
Missiles
 b - 2 curare-tipped darts
 d - 6 throwing nets
 g - 4 boomerangs of dispersal
 q - 39 poisoned darts
 z - 24 boomerangs (quivered)
 A - 4 silver boomerangs
 X - 4 silver javelins
 Z - 11 javelins
Armour
 B - a +2 pair of gloves of infusion (worn)
 D - a +2 chain mail of willpower
 F - the +2 hat "Deuh" (worn) {Str+5}
   (You bought it in a shop on level 4 of the Dungeon)

   Str:       It affects your strength (+5).
 O - a +0 tower shield (worn)
 R - a +1 pair of boots (worn)
 U - the +7 ring mail "Kaalaf Huwa" (worn) {rElec rN+ Dex+3}
   (You found it on level 9 of the Dungeon)

   Dex:       It affects your dexterity (+3).
   rElec:     It insulates you from electricity.
   rN:        It protects you from negative energy.
 V - a scarf of repulsion (worn)
Jewellery
 c - an amulet of reflection (around neck)
 k - a ring of willpower (right hand)
 w - a ring of willpower (left hand)
 H - a ring of resist corrosion
 I - a ring of positive energy
 S - a +6 ring of dexterity
Wands
 K - a wand of acid (17)
 T - a wand of flame (66)
 W - a wand of digging (5)
 Y - a wand of paralysis (5)
Scrolls
 e - 2 scrolls of immolation
 h - 4 scrolls of magic mapping
 i - 5 scrolls of enchant weapon
 l - 6 scrolls of poison
 n - 4 scrolls of fear
 r - 13 scrolls of teleportation
 y - 2 scrolls of brand weapon
 J - 12 scrolls of identify
 L - 7 scrolls of blinking
 M - a scroll of torment
 N - a scroll of fog
 P - 4 scrolls of vulnerability
Potions
 f - 9 potions of ambrosia
 j - a potion of cancellation
 m - 7 potions of mutation
 p - 2 potions of invisibility
 s - 2 potions of haste
 t - 6 potions of flight
 u - 10 potions of curing
 x - a potion of heal wounds
 C - 4 potions of lignification
 E - 5 potions of attraction
 G - 4 potions of magic
Miscellaneous
 o - a piece from Xom's chessboard (15/15)


   Skills:
 + Level 16.0(21.0) Fighting
 - Level 18.0(23.0) Axes
 + Level 8.9(13.9) Throwing
 + Level 16.0(21.0) Armour
 - Level 5.0(10.0) Dodging
 + Level 16.1(21.1) Shields
 + Level 10.6 Invocations
 + Level 6.2 Evocations


You had 15 spell levels left.
You knew the following spells:

 Your Spells              Type           Power      Damage    Failure   Level
a - Apportation           Tloc           0%         N/A       61%         1

Your spell library contained the following spells:

 Spells                   Type           Power      Damage    Failure   Level
 Freeze                   Ice            0%         1d3       61%         1
 Kiss of Death            Conj/Necr      0%         2d5       61%         1
 Confusing Touch          Hex            0%         N/A       93%         3
 Dazzling Flash           Conj/Hex       0%         N/A       93%         3
 Frozen Ramparts          Ice            0%         1d1       93%         3
 Hailstorm                Conj/Ice       0%         3d3       93%         3
 Vhi's Electric Charge    Tloc/Air       0%         N/A       93%         3
 Volatile Blastmotes      Fire/Tloc      0%         2d10      93%         3
 Anguish                  Hex/Necr       0%         N/A       100%        4
 Dispel Undead            Necr           0%         3d6       100%        4
 Ice Form                 Ice/Tmut       0%         N/A       100%        4
 Iskenderun's Mystic Bla  Conj/Tloc      0%         2d3       100%        4
 Leda's Liquefaction      Hex/Erth       0%         N/A       100%        4
 Alistair's Intoxication  Tmut/Pois      0%         N/A       100%        5
 Arcjolt                  Conj/Air       0%         1d10      100%        5
 Borgnjor's Vile Clutch   Necr/Erth      0%         N/A       100%        5
 Lee's Rapid Deconstruct  Erth           0%         3d4*      100%        5
 Eringya's Noxious Bog    Tmut/Pois      0%         N/A       100%        6
 Starburst                Conj/Fire      0%         6d3       100%        6
 Statue Form              Tmut/Erth      0%         N/A       100%        6
 Enfeeble                 Hex            0%         N/A       100%        7
 Maxwell's Capacitive Co  Air            0%         ∞         100%        8
 Summon Ice Beast         Ice/Summ       Unusable   N/A       N/A         4

Dungeon Overview and Level Annotations

Branches:
Dungeon (15/15)            Temple (1/1) D:7            Lair (5/5) D:9
  Swamp (0/4) Lair:2        Snake (4/4) Lair:3        Slime (0/5) Lair:4
    Orc (2/2) D:10            Elf (0/3) Orc:2        Vaults (0/5) D:13
 Depths (0/4) D:15        Ossuary (visited)           IceCv (visited)

Altars:
Ashenzari
Cheibriados
Dithmenos
Elyvilon
Fedhas
Gozag
Hepliaklqana
Kikubaaqudgha
Makhleb
Nemelex Xobeh
Okawaru
Qazlal
Ru
Sif Muna
Trog
Uskayaw
Vehumet
Wu Jian
Xom
Yredelemnul
Zin
The Shining One

Shops:
D:4 [   D:5 :   D:6 [   D:13 *   D:15 :   Orc:2 ?[[*

Annotations:
D:6 Dowan


Innate Abilities, Weirdness & Mutations

You have a pair of horns on your head.
You reflexively headbutt those who attack you in melee.
You have large cloven feet.


Message History

The shock serpent bites you but does no damage.
The shock serpent barely misses you. The shock serpent bites you.
* * * LOW HITPOINT WARNING * * *
The shock serpent shocks you. You resist.
* * * LOW HITPOINT WARNING * * *
The salamander mystic hits you but does no damage.
You miss the shock serpent.
The shock serpent is moderately wounded.
You hit the shock serpent. You drain the shock serpent.
You hit the salamander mystic but do no damage.
You drain the salamander mystic. The shock serpent misses you.
The shock serpent completely misses you.
The shock serpent bites you!
* * * LOW HITPOINT WARNING * * *
The shock serpent shocks you. You resist.
* * * LOW HITPOINT WARNING * * *
The shock serpent bites you.
* * * LOW HITPOINT WARNING * * *
The shock serpent shocks you. You resist.
* * * LOW HITPOINT WARNING * * *
You bump into the rock wall.
The shock serpent shoots out a bolt of lightning at you!
The bolt of electricity misses you. The salamander mystic misses you.
The naga sharpshooter gestures wildly while chanting.
The naga sharpshooter magically shoots an arrow.
The arrow hits you.
* * * LOW HITPOINT WARNING * * *
The shock serpent barely misses you.
The shock serpent bites you but does no damage.
You fade into invisibility!
The shock serpent shoots out a bolt of lightning at you!
The bolt of electricity hits you. You resist.
* * * LOW HITPOINT WARNING * * *
The shock serpent bites you!
* * * LOW HITPOINT WARNING * * *
The shock serpent shocks you. You resist.
* * * LOW HITPOINT WARNING * * *
The salamander mystic hits you but does no damage.
The salamander hits you from afar with a +0 trident.
You die...

#.......## #.#
###......####.#
#...........#
##.....)....#
#...........##
#............#
....####......#
# .....
#####))####.####
.....
#)))@....... ..
#.)SNS......
#.†)†N......
#...........
#....N......
#...........
+...........
#.....##....
#.....# #''


You could see a naga sharpshooter, a salamander mystic (unable to see you,
drained), a salamander (unable to see you) and 2 shock serpents.

Vanquished Creatures
  Rupert (D:13)
  Asterion (Snake:1)
  A nagaraja (Snake:3)
  A dire elephant (D:15)
  2 green deaths (Snake:1)
  A fire dragon (Lair:5)
  6 hydras
  A salamander tyrant (Snake:1)
  A catoblepas (Lair:5)
  3 anacondas
  Erica (D:10)
  9 two-headed ogres
  8 boulder beetles
  9 centaur warriors
  8 naga warriors
  6 death yaks (Lair:5)
  2 tengu warriors
  Urug (D:11)
  10 naga sharpshooters
  8 orc high priests (Orc:2)
  6 shock serpents
  2 sun demons (D:10)
  A salamander mystic (Snake:1)
  2 sea snakes (Snake:3)
  Amaemon (D:10)
  Lodul (D:11)
  A fire crab (Lair:5)
  4 bog bodies
  4 naga ritualists (Snake:1)
  2 orc knights
  2 mana vipers
  2 deep elf pyromancers
  A wolf spider (D:15)
  4 ugly things
  7 cyclopes
  10 manticores
  14 elephants
  3 guardian serpents (Snake:4)
  6 salamanders
  33 black mambas
  An orange demon (D:10)
  10 naga magi
  3 molten gargoyles (Lair:5)
  A smoke demon (D:10)
  8 cane toads
  A torpor snail (Lair:5)
  An ice statue (IceCv)
  4 gargoyles
  2 efreet
  2 unseen horrors
  2 yaktaurs
  4 rime drakes
  8 komodo dragons
  3 anaconda simulacra (IceCv)
  2 tengu conjurers
  A red devil (D:10)
  A meliai (D:9)
  A hornet (D:7)
  8 trolls
  A tyrant leech (Lair:3)
  A merfolk (D:10)
  The ghost of arghonaut the Slasher, an amateur MfRe (D:6)
  A tarantella (shapeshifter) (D:15)
  19 blink frogs
  15 slime creatures
  A dire elephant simulacrum (IceCv)
  Sigmund (D:6)
  3 shadows
  2 wraiths
  34 yaks
  Eustachio (D:6)
  7 wyverns
  A neqoxec (D:10)
  5 basilisks
  4 steam dragons
  16 humans (D:13)
  4 vampire mosquitoes
  A chaos spawn (D:10)
  A basilisk (shapeshifter) (D:13)
  6 wargs
  2 death yak simulacra (IceCv)
  3 harpy simulacra (IceCv)
  2 swamp worms (Lair:3)
  33 nagas
  9 water moccasins
  2 acid dragons
  Duvessa (D:6)
  5 hell hounds (Lair:5)
  15 orc warriors
  3 sky beasts
  3 black bears
  The ghost of 333guts333 the Trooper, an amateur MiWr (D:3)
  An ice beast (D:7)
  14 ogres
  3 boggarts (D:15)
  15 wolves
  7 centaurs
  2 elf zombies
  4 kobold brigands
  2 elf skeletons (D:7)
  2 scorpions (D:4)
  9 bullfrogs
  4 gnoll sergeants (D:6)
  4 two-headed ogre simulacra (IceCv)
  3 wights (D:8)
  2 elephant simulacra (IceCv)
  3 electric eels
  A howler monkey (D:12)
  4 lava snakes (Lair:5)
  4 quasits (D:10)
  28 orc priests
  A jelly (D:3)
  3 gnoll boudas
  8 hounds
  4 sleepcaps
  2 human skeletons (D:7)
  A human zombie (Ossuary)
  4 iguanas
  Terence (D:3)
  12 orc wizards
  A polar bear simulacrum (IceCv)
  5 spriggan simulacra (IceCv)
  A wolf simulacrum (IceCv)
  4 troll simulacra (IceCv)
  A hound zombie (Ossuary)
  4 mummies (Ossuary)
  7 adders
  34 gnolls
  4 naga simulacra (IceCv)
  A shadow imp (D:6)
  23 white imps
  4 ufetubi (IceCv)
  An adder zombie (Ossuary)
  A worm (D:3)
  4 dart slugs
  49 orcs
  4 bats
  5 endoplasms
  4 giant cockroaches
  A gnoll zombie (Ossuary)
  3 hobgoblins
  6 jackals
  16 kobolds
  5 quokkas
  12 ball pythons
  4 frilled lizards
  6 goblins
  A goblin zombie (Ossuary)
  2 hobgoblin zombies (Ossuary)
  A jackal zombie (Ossuary)
  A kobold zombie (Ossuary)
  An orc skeleton (D:7)
  6 rats
  2 rat zombies (Ossuary)
  2 spectral weapons (Snake:1)
827 creatures vanquished.

Vanquished Creatures (others)
  Aizul (Snake:1)
  A naga warrior (Snake:4)
  2 naga magi
  A naga (Snake:4)
  An electric eel (D:6)
  2 orc priests (Orc:2)
  A white imp (IceCv)
  3 demonic plants (D:10)
  11 fungi
  21 plants
44 creatures vanquished.

Grand Total: 871 creatures vanquished

Notes
Turn   | Place    | Note
-------+----------+-------------------------------------------
     0 | D:1      | Eeriemist the Minotaur Fighter began the quest for the Orb.
     0 | D:1      | Reached XP level 1. HP: 19/19 MP: 0/0
   149 | D:1      | Reached XP level 2. HP: 24/27 MP: 1/1
   261 | D:1      | Reached skill level 3 in Axes
   730 | D:2      | Reached XP level 3. HP: 29/33 MP: 2/2
   779 | D:2      | Identified the +0 leather armour "Weg Nitt" {rC+}
  1017 | D:2      | Found a sparkling altar of Nemelex Xobeh.
  1023 | D:2      | Reached XP level 4. HP: 40/40 MP: 3/3
  1187 | D:3      | Found a faded altar of an unknown god.
  1194 | D:3      | Reached skill level 4 in Axes
  1279 | D:3      | Found a transporter.
  1280 | D:3      | Noticed 333guts333's ghost (amateur MiWr)
  1300 | D:3      | Identified the +5 ring mail of the Cuttlefish {rPois rF-
                  | Regen+ Stlth+}
  1329 | D:3      | Found a transporter.
  1501 | D:3      | Found a glowing golden altar of the Shining One.
  1621 | D:3      | Noticed Terence
  1630 | D:3      | Killed Terence
  1631 | D:3      | Reached XP level 5. HP: 31/47 MP: 4/4
  1835 | D:4      | Reached skill level 5 in Axes
  1835 | D:4      | Reached XP level 6. HP: 55/55 MP: 5/5
  1888 | D:4      | Reached skill level 5 in Fighting
  1888 | D:4      | Reached skill level 5 in Armour
  1888 | D:4      | Reached skill level 5 in Shields
  2153 | D:4      | Found Jappeyk's Antique Armour Emporium.
  2267 | D:5      | Entered Level 5 of the Dungeon
  2272 | D:5      | Found a hide-covered altar of Uskayaw.
  2593 | D:4      | Reached skill level 6 in Axes
  2597 | D:4      | Found a sparkling altar of Nemelex Xobeh.
  2863 | D:5      | Reached XP level 7. HP: 48/61 MP: 6/6
  3059 | D:5      | Found Meecs's Tiny Tomes.
  3488 | D:6      | Found a broken altar of Ashenzari.
  3501 | D:6      | Reached skill level 7 in Axes
  3569 | D:6      | Noticed Sigmund
  3578 | D:6      | Killed Sigmund
  3579 | D:6      | Reached XP level 8. HP: 64/70 MP: 7/7
  3735 | D:6      | Reached skill level 8 in Axes
  3738 | D:6      | Noticed Eustachio
  3752 | D:6      | Killed Eustachio
  3890 | D:6      | Found Sameqa's Antique Armour Shoppe.
  3962 | D:6      | Noticed Dowan
  3967 | D:6      | Reached skill level 9 in Axes
  3970 | D:6      | Noticed Duvessa
  3982 | D:6      | Killed Duvessa
  3983 | D:6      | Reached XP level 9. HP: 72/79 MP: 8/8
  4319 | D:6      | Found a runed translucent gate.
  4321 | D:6      | Found a runed translucent gate.
  4322 | D:6      | Found a runed translucent gate.
  4322 | D:6      | Noticed arghonaut's ghost (amateur MfRe)
  4430 | D:7      | Found a staircase to the Ecumenical Temple.
  4438 | Temple   | Entered the Ecumenical Temple
  4453 | Temple   | Became a worshipper of Warmaster Okawaru
  4546 | D:7      | Reached skill level 10 in Axes
  4560 | D:7      | Found a sand-covered staircase.
  4570 | Ossuary  | Entered an ossuary
  4835 | D:7      | Reached * piety under Okawaru
  5110 | D:6      | Reached skill level 1 in Invocations
  5124 | D:6      | Killed arghonaut's ghost
  5125 | D:6      | Reached skill level 11 in Axes
  5210 | D:7      | Reached XP level 10. HP: 89/90 MP: 10/10
  5544 | D:8      | Reached ** piety under Okawaru
  5629 | D:4      | Bought a spiked hat for 243 gold pieces
  5629 | D:4      | Identified the +2 hat "Deuh" {Str+5} (You bought it in a
                  | shop on level 4 of the Dungeon)
  5775 | D:8      | Found a sacrificial altar of Ru.
  6026 | D:8      | Found a shimmering altar of Xom.
  6057 | D:8      | Found a stormy altar of Qazlal.
  6568 | D:9      | Noticed a two-headed ogre
  6577 | D:9      | Killed a two-headed ogre
  6577 | D:9      | Reached *** piety under Okawaru
  6578 | D:9      | Reached skill level 12 in Axes
  6812 | D:9      | Noticed a cyclops
  6813 | D:9      | Noticed a manticore
  6830 | D:9      | Killed a manticore
  6838 | D:9      | Killed a cyclops
  6841 | D:9      | Reached **** piety under Okawaru
  6850 | D:9      | Reached XP level 11. HP: 23/99 MP: 4/13
  6853 | D:9      | Identified the +7 ring mail "Kaalaf Huwa" {rElec rN+ Dex+3}
  7228 | D:9      | Found a staircase to the Lair.
  7307 | D:9      | Reached skill level 13 in Axes
  7412 | D:9      | Noticed a brown ugly thing
  7412 | D:9      | Noticed a two-headed ogre
  7432 | D:9      | Killed a brown ugly thing
  7433 | D:9      | Reached skill level 10 in Fighting
  7433 | D:9      | Reached skill level 10 in Armour
  7433 | D:9      | Reached skill level 10 in Shields
  7439 | D:9      | Killed a two-headed ogre
  7439 | D:9      | Reached ***** piety under Okawaru
  7642 | D:9      | Noticed a tengu warrior
  7654 | D:9      | Killed a tengu warrior
  7654 | D:9      | Received a gift from Okawaru
  7884 | D:9      | Reached skill level 5 in Invocations
  8028 | D:9      | Learned a level 1 spell: Apportation
  8051 | D:10     | Entered Level 10 of the Dungeon
  8057 | D:10     | Noticed a sun demon
  8065 | D:10     | Killed a sun demon
  8066 | D:10     | Reached skill level 1 in Throwing
  8268 | D:10     | Noticed Erica
  8278 | D:10     | Killed Erica
  8279 | D:10     | Reached skill level 14 in Axes
  8372 | D:10     | Noticed a two-headed ogre
  8382 | D:10     | Killed a two-headed ogre
  8681 | D:10     | Found a staircase to the Orcish Mines.
  8717 | D:10     | Noticed a two-headed ogre
  8726 | D:10     | Killed a two-headed ogre
  8727 | D:10     | Reached XP level 12. HP: 97/108 MP: 12/14
  8764 | D:10     | Noticed Amaemon
  8782 | D:10     | Killed Amaemon
  9029 | D:10     | Gained mutation: You have large cloven feet. [a neqoxec]
  9350 | D:10     | Received a gift from Okawaru
  9393 | D:10     | Noticed a two-headed ogre
  9401 | D:10     | Killed a two-headed ogre
  9464 | D:11     | Noticed Lodul
  9470 | D:11     | Noticed a boulder beetle
  9483 | D:11     | Killed Lodul
  9484 | D:11     | Reached skill level 15 in Axes
  9497 | D:11     | Killed a boulder beetle
  9610 | D:11     | Noticed a boulder beetle
  9652 | D:11     | Killed a boulder beetle
  9652 | D:11     | Received a gift from Okawaru
  9886 | D:11     | Noticed a two-headed ogre
  9895 | D:11     | Killed a two-headed ogre
  9974 | D:11     | Noticed Urug
  9988 | D:11     | Killed Urug
 10072 | D:11     | Identified the +9 battleaxe of Okawaru, Wizarding {heavy,
                  | rC+ Str+4} (Okawaru gifted it to you on level 11 of the
                  | Dungeon)
 10072 | D:11     | Received a gift from Okawaru
 10196 | D:11     | Identified the +5 leather armour "Ricziafo" {*Slow Regen+
                  | MP+9 Str+3}
 10253 | Lair:1   | Entered Level 1 of the Lair of Beasts
 10502 | Lair:1   | Reached skill level 5 in Throwing
 10514 | Lair:1   | Reached XP level 13. HP: 93/117 MP: 12/15
 11101 | Lair:2   | Reached ****** piety under Okawaru
 11106 | Lair:2   | Reached skill level 16 in Axes
 11360 | Lair:2   | Found a staircase to the Swamp.
 11364 | Lair:2   | Received a gift from Okawaru
 11491 | Lair:2   | Received a gift from Okawaru
 12164 | Lair:3   | Found a burning altar of Makhleb.
 12284 | Lair:3   | Found a staircase to the Snake Pit.
 13039 | Lair:4   | Found a staircase to the Slime Pits.
 13379 | Lair:4   | Reached skill level 17 in Axes
 13547 | Lair:4   | Received a gift from Okawaru
 14166 | Lair:5   | Entered Level 5 of the Lair of Beasts
 14453 | Lair:5   | Reached XP level 14. HP: 62/129 MP: 9/18
 15126 | Lair:5   | HP: 3/129 [molten gargoyle/+0 mace (12)]
 15574 | Lair:5   | Found a large runed translucent door.
 15578 | Lair:5   | Found a large runed translucent door.
 16043 | Lair:5   | Reached skill level 18 in Axes
 16069 | Lair:5   | Received a gift from Okawaru
 16479 | Lair:5   | Received a gift from Okawaru
 16790 | D:12     | Found a frozen archway.
 16841 | IceCv    | Entered an ice cave
 17346 | IceCv    | Found the +2 hood of the Assassin {Detect Stab+ Stlth++}
 18193 | D:12     | Identified the +4 sling "Transmigrator" {speed, rElec
                  | Int+3} (Okawaru gifted it to you on level 12 of the
                  | Dungeon)
 18193 | D:12     | Received a gift from Okawaru
 18963 | D:13     | Reached skill level 1 in Evocations
 19189 | D:13     | Found Yxavownu's General Store.
 19253 | D:13     | Noticed Rupert
 19268 | D:13     | Received a gift from Okawaru
 19274 | D:13     | Reached XP level 15. HP: 81/138 MP: 11/20
 19277 | D:13     | Killed Rupert
 19279 | D:13     | Found a gate to the Vaults.
 19469 | D:13     | You fall into a shaft and drop 1 floor!
 20244 | D:14     | Received a gift from Okawaru
 20800 | D:15     | Entered Level 15 of the Dungeon
 21225 | D:13     | Identified the +9 scimitar "Piwket" {heavy, *Corrode rC+++
                  | Int+5} (Okawaru gifted it to you on level 13 of the
                  | Dungeon)
 21225 | D:13     | Received a gift from Okawaru
 21252 | D:13     | Reached skill level 1 in Dodging
 21970 | D:15     | Found Had Taal's Book Shoppe.
 22110 | D:15     | Found a staircase to the Depths.
 22549 | Orc:1    | Entered Level 1 of the Orcish Mines
 22739 | Orc:2    | Entered Level 2 of the Orcish Mines
 22969 | Orc:2    | Found Vuajonne's General Store.
 22969 | Orc:2    | Found Faggiumuni's Armour Shop.
 23101 | Orc:2    | Found a staircase to the Elven Halls.
 23330 | Orc:2    | Received a gift from Okawaru
 23331 | Orc:2    | Reached skill level 15 in Shields
 23674 | Orc:2    | Found Godesch's Magic Scroll Shop.
 23684 | Orc:2    | Reached skill level 15 in Fighting
 23792 | Orc:2    | Found Ysucukum's Armour Shoppe.
 24144 | D:3      | Killed 333guts333's ghost
 24763 | Snake:1  | Entered Level 1 of the Snake Pit
 24875 | Snake:1  | Noticed Asterion
 25146 | Snake:1  | Killed Asterion
 25404 | Snake:1  | Found a runed translucent door.
 25542 | Snake:1  | Received a gift from Okawaru
 25543 | Snake:1  | Reached skill level 15 in Armour
 25580 | Snake:1  | Reached XP level 16. HP: 91/149 MP: 22/22
 25937 | Snake:1  | Noticed Aizul
 25954 | Snake:1  | Killed Aizul
 27048 | Snake:2  | Received a gift from Okawaru
 27051 | Snake:2  | Reached skill level 5 in Evocations
 27619 | Snake:2  | Received a gift from Okawaru
 27646 | Snake:2  | Reached skill level 5 in Dodging
 27646 | Snake:2  | Reached skill level 10 in Invocations
 27730 | Snake:2  | Received a gift from Okawaru
 28995 | Snake:3  | Reached XP level 17. HP: 158/158 MP: 23/23
 29614 | Snake:4  | Entered Level 4 of the Snake Pit
 30072 | Snake:4  | HP: 4/158 [shock serpent (4)]
 30072 | Snake:4  | Slain by a salamander

Illustrated notes

Levels and vault maps discovered:
D:1:      scummos_arrival_star, layout_loops_ring
D:2:      layout_basic, basic_altar
D:3:      layout_loops_cross, nicolae_overflow_hidden_temple, serial_glass,
          glass_columns_a, glass_columns_b, glass_columns_b,
          gammafunk_ghost_arena, nicolae_ecumenical_pavilion,
          kennysheep_nondescript, uniq_terence
D:4:      layout_cave_pods, marbit_many_paths, serial_shops, shop,
          chequers_mini_garden
D:5:      layout_loops_ring, nicolae_uskayaw_murder_on_the_dancefloor,
          nicolae_shop_i_like_small_books_too, minmay_statues_item,
          kennysheep_boxes
D:6:      layout_cave_pools, ashenzari_altar_1, serial_gnoll_camp,
          gnoll_camp_mini_shop, gnoll_camp_huts_moat, gnoll_camp_mini_house,
          gnoll_camp_mini_sergeant, gnoll_camp_mini_house,
          biasface_ghost_orc_armoury, uniq_sigmund, uniq_eustachio, uniq_duvessa
D:7:      layout_loops_ring, minmay_temple_entry_stoned_glass,
          nicolae_ossuary_entry_catacombs, kennysheep_generic_room_9
D:8:      layout_loops_ring, mainiacjoe_overflow_cross_hatched,
          mainiacjoe_overflow_two_lobes, serial_aquarium,
          aquarium_bridge_long_separate [aquarium_subvault_window,
          aquarium_subvault_wall, aquarium_subvault_bridge,
          aquarium_subvault_wall, aquarium_subvault_bridge,
          aquarium_subvault_balcony], aquarium_bridge_straight
          [aquarium_subvault_bridge, aquarium_subvault_wall,
          aquarium_subvault_bridge, aquarium_subvault_window],
          aquarium_window_fake, aquarium_window_fake, aquarium_window_1,
          aquarium_view_2f, aquarium_balcony_double_2, aquarium_pool_four,
          minmay_holes
D:9:      nzn_winding_woodlands_stair_cross
          [nzn_winding_woodlands_5x15_pathside_ponds,
          nzn_winding_woodlands_center_diamonds,
          nzn_winding_woodlands_5x15_cabin,
          nzn_winding_woodlands_5x5_checkerboard,
          nzn_winding_woodlands_5x5_default, nzn_winding_woodlands_5x15_pockets,
          nzn_winding_woodlands_center_triple_pond,
          nzn_winding_woodlands_5x15_sawtooth], layout_rooms, minivault_21,
          st_stairs_3
D:10:     layout_stronghold, orc_0_dummy, serial_demonic, serial_demonic_f,
          serial_demonic_g, serial_demonic_b, serial_demonic_g,
          serial_demonic_g, serial_demonic_f, skrybe_limestone_x,
          hangedman_fish_farm, uniq_amaemon, uniq_erica
D:11:     layout_rooms, uniq_lodul, uniq_urug
D:12:     layout_small_grid, portal_ice_cave_entry_imps
D:13:     minmay_polygon_palace, layout_basic, david_vaults_3, serial_shops,
          shop
D:14:     layout_layer_cave, chequers_serial_rivers_large_a, kennysheep_dice
D:15:     hangedman_depths_entry_try_elsewhere_first, layout_loops_cross,
          serial_shops, nicolae_shop_stone
Temple:   minmay_freezing_vapour_temple
Lair:1:   layout_cave_pods
Lair:2:   beargit_carnivore_pack, layout_regular_city,
          skrybe_swamp_entry_bodies, pdpol_lair_neglected_garden
Lair:3:   layout_regular_city, nicolae_snake_entry_squirm, basic_altar,
          st_stairs_9, dreamdust_mushroom_princess, worms_lemuel
Lair:4:   layout_cave_pods, slime_entry_1, lemuel_fruit_fields
Lair:5:   cheibrodos_lair_end_hotspot, layout_concentric_octagons,
          nicolae_quartered_pool_little, minmay_stone_trees_large, st_stairs_9,
          patterned_corridor
Snake:1:  cheibrodos_toxic_ritual, layout_layer_cave, uniq_asterion, uniq_aizul
Snake:2:  nicolae_snake_attic_fulla_snakes, layout_layer_cave,
          grunt_megastairs_5, lemuel_fruit_tree, serial_bayou_shore_b,
          nicolae_triple_integral
Snake:3:  layout_onion, nicolae_snake_gridmaze_swirls, serial_bayou_shore_a
Snake:4:  grunt_snake_rune_pools, layout_cave_town, statue_in_the_mist_lemuel,
          grunt_megastairs_3
Orc:1:    orc_temple, layout_diamond_mine
Orc:2:    st_orc_town, layout_diamond_mine

Skill      XL: |  1  2  3  4  5  6  7  8  9 10 11 12 13 14 15 16 17 |
---------------+----------------------------------------------------+-----
Axes           | 3 4 5 6 7 9 11 12 14 15 17 18 | 18.0
Fighting       | 4 5 6 7 8 9 10 11 13 14 15 16 | 16.0
Armour         | 4 5 6 7 8 9 10 11 12 14 15 16 | 16.0
Shields        | 4 5 6 7 8 9 10 11 12 14 15 16 | 16.1
Invocations    | 1 4 5 6 8 9 10 | 10.6
Throwing       | 2 5 7 8 |  8.9
Evocations     | 1 4 5 6 |  6.2
Dodging        | 3 5 |  5.0

Action                     |  1- 3 |  4- 6 |  7- 9 | 10-12 | 13-15 | 16-18 || total
---------------------------+-------+-------+-------+-------+-------+-------++-------
  Melee: War axe           |    63 |   108 |   308 |   441 |       |       ||   920
         Headbutt          |     2 |    20 |    50 |   125 |   288 |    57 ||   542
         Broad axe         |       |       |       |    54 |  1134 |   302 ||  1490
  Throw: Boomerang         |       |       |    13 |     3 |    16 |    11 ||    43
 Invoke: Heroism           |       |       |       |     4 |    14 |     8 ||    26
         Finesse           |       |       |       |     2 |     5 |     1 ||     8
  Evoke: Wand              |       |       |       |       |     1 |       ||     1
    Use: Potion            |       |       |     2 |     3 |     5 |    13 ||    23
         Scroll            |       |       |     5 |    10 |    10 |     2 ||    27
   Stab: Sleeping          |       |     2 |     1 |     1 |       |       ||     4
         Distracted        |       |       |       |     1 |       |       ||     1
 Armour: Scale mail        |    24 |     8 |       |       |       |       ||    32
         Ring mail         |       |    46 |   154 |   187 |   420 |    58 ||   865
         Plate armour      |       |       |       |    27 |       |       ||    27
         Chain mail        |       |       |       |       |    45 |    24 ||    69
  Dodge: Dodged            |    35 |    55 |   138 |   128 |   244 |    86 ||   686
         Repelled          |       |       |       |     2 |    21 |    16 ||    39
  Block: Buckler           |    14 |    21 |    12 |       |       |       ||    47
         Kite shield       |       |       |   113 |       |       |       ||   113
         Tower shield      |       |       |     5 |   419 |   987 |   342 ||  1753
         Reflection        |       |       |       |       |    10 |    46 ||    56
